SL
CHICAGO HAWKS @ GRAFTON MIDDIES
05/03/2023
 
TOP OF THE 1ST
Chicago Hawks batting - Pitching for Grafton Middies : LHP Jeff Hale
Pitching: LHP Jeff Hale
Batting: RHB Ludwig Kluge 0-0: Called Strike
0-1: Ball
1-1: Ground out 6-3 (Groundball, 6M)
Batting: RHB Chandler Bailey 0-0: Ball
1-0: Ball
2-0: Foul Ball, location: 2F
2-1: Swinging Strike
2-2: Strikes out swinging
Batting: RHB Robbie Roach 0-0: Ball
1-0: Ball
2-0: Ball
3-0: Base on Balls
Batting: LHB Mal Wadley 0-0: Ball
1-0: Foul Ball, location: 2F
1-1: Called Strike
1-2: Fly out, F8 (Flyball, 8RXD)
Top of the 1st over - 0 run(s), 0 hit(s), 0 error(s), 1 left on base; Chicago 0 - Grafton 0
BOTTOM OF THE 1ST
Grafton Middies batting - Pitching for Chicago Hawks : RHP Alejandro Arteaga
Pitching: RHP Alejandro Arteaga
Batting: RHB Pedro Orozco 0-0: Called Strike
0-1: Fly out, F7 (Flyball, 78M)
Batting: RHB Pedro Santos 0-0: Ball
1-0: Ball
2-0: Fly out, F9 (Flyball, 89M)
Batting: RHB Scotty Anderson 0-0: Foul Ball, location: 2F
0-1: Ball
1-1: Swinging Strike
1-2: Ball
2-2: Strikes out swinging
Bottom of the 1st over - 0 run(s), 0 hit(s), 0 error(s), 0 left on base; Chicago 0 - Grafton 0
TOP OF THE 2ND
Chicago Hawks batting - Pitching for Grafton Middies : LHP Jeff Hale
Batting: RHB Chris Smith 0-0: Ground out 5-3 (Groundball, 5L)
Batting: LHB Bill Griffin 0-0: Ball
1-0: Foul Ball, location: 2F
1-1: Foul Ball, location: 2F
1-2: Ball
2-2: Ball
3-2: Foul Ball, location: 2F
3-2: Foul Ball, location: 2F
3-2: Ground out 5-3 (Groundball, 56S)
Batting: RHB Ramón Gómez 0-0: Ball
1-0: Called Strike
1-1: Ground out 6-3 (Groundball, 6)
Top of the 2nd over - 0 run(s), 0 hit(s), 0 error(s), 0 left on base; Chicago 0 - Grafton 0
BOTTOM OF THE 2ND
Grafton Middies batting - Pitching for Chicago Hawks : RHP Alejandro Arteaga
Batting: LHB Mario Ramos 0-0: Fly out, F6 (Flyball, 7LSF)
Batting: RHB Wes Bradley 0-0: Called Strike
0-1: Fly out, F8 (Line Drive, 8LS)
Batting: RHB Nathan Boswell 0-0: Ball
1-0: Ball
2-0: Ball
3-0: Called Strike
3-1: Foul Ball, location: 2F
3-2: DOUBLE (Line Drive, 78M)
Batting: RHB José Álvarez 0-0: Ball
1-0: Ball
2-0: Called Strike
2-1: Fly out, F9 (Line Drive, 9D)
Bottom of the 2nd over - 0 run(s), 1 hit(s), 0 error(s), 1 left on base; Chicago 0 - Grafton 0
TOP OF THE 3RD
Chicago Hawks batting - Pitching for Grafton Middies : LHP Jeff Hale
Batting: RHB Pedro Cruz 0-0: Called Strike
0-1: SINGLE (Line Drive, 6MD)
Batting: RHB Soseki Matsunaga 0-0: Called Strike
0-1: Fly out, F3 (Popup, 3F)
Batting: RHB Ludwig Kluge 0-0: Grounds into double play, 5-4-3 (Groundball, 5)
Top of the 3rd over - 0 run(s), 1 hit(s), 0 error(s), 0 left on base; Chicago 0 - Grafton 0
BOTTOM OF THE 3RD
Grafton Middies batting - Pitching for Chicago Hawks : RHP Alejandro Arteaga
Batting: RHB Danny Hall 0-0: Fly out, F9 (Line Drive, 9LM)
Batting: LHB Ramón Rivera 0-0: Foul Ball, location: 2F
0-1: Ball
1-1: Ball
2-1: Ball
3-1: Base on Balls
Batting: RHB Pedro Orozco 0-0: Called Strike
Ramón Rivera steals 2nd base
0-1: Ball
1-1: Foul Ball, location: 2F
1-2: Fly out, F9 (Popup, 4D)
Batting: RHB Pedro Santos 0-0: Fly out, F8 (Flyball, 8RD)
Bottom of the 3rd over - 0 run(s), 0 hit(s), 0 error(s), 1 left on base; Chicago 0 - Grafton 0
TOP OF THE 4TH
Chicago Hawks batting - Pitching for Grafton Middies : LHP Jeff Hale
Batting: RHB Chandler Bailey 0-0: Called Strike
0-1: Foul Ball, location: 2F
0-2: Ball
1-2: SINGLE (Groundball, 5D)
Batting: RHB Robbie Roach 0-0: Called Strike
0-1: Swinging Strike
0-2: Strikes out swinging
Batting: LHB Mal Wadley 0-0: Called Strike
0-1: Ball
1-1: Fly out, F9 (Flyball, 89S)
Batting: RHB Chris Smith 0-0: Called Strike
0-1: Ball
1-1: Called Strike
1-2: Foul Ball, location: 2F
1-2: Ball
2-2: Fly out, F8 (Flyball, 8LD)
Top of the 4th over - 0 run(s), 1 hit(s), 0 error(s), 1 left on base; Chicago 0 - Grafton 0
BOTTOM OF THE 4TH
Grafton Middies batting - Pitching for Chicago Hawks : RHP Alejandro Arteaga
Batting: RHB Scotty Anderson 0-0: Called Strike
0-1: Ground out 4-3 (Groundball, 4)
Batting: LHB Mario Ramos 0-0: SINGLE (Line Drive, 6D)
Batting: RHB Wes Bradley 0-0: Ball
1-0: Ball
2-0: Swinging Strike
2-1: Fielders Choice at 2nd, 6-4 (Groundball, 6)
Batting: RHB Nathan Boswell 0-0: Called Strike
Wes Bradley steals 2nd base
0-1: Swinging Strike
0-2: Ball
1-2: Ball
2-2: Foul Ball, location: 2F
2-2: Foul Ball, location: 2F
2-2: Fly out, F6 (Popup, 5D)
Bottom of the 4th over - 0 run(s), 1 hit(s), 0 error(s), 1 left on base; Chicago 0 - Grafton 0
TOP OF THE 5TH
Chicago Hawks batting - Pitching for Grafton Middies : LHP Jeff Hale
Batting: LHB Bill Griffin 0-0: Swinging Strike
0-1: Ball
1-1: Ball
2-1: Called Strike
2-2: Fly out, F8 (Line Drive, 8LXD)
Batting: RHB Ramón Gómez 0-0: Ball
1-0: Ball
2-0: Foul Ball, location: 2F
2-1: Bunt for hit - play at first, batter OUT! 5-3
Batting: RHB Pedro Cruz 0-0: Ground out 6-3 (Groundball, 6)
Top of the 5th over - 0 run(s), 0 hit(s), 0 error(s), 0 left on base; Chicago 0 - Grafton 0
BOTTOM OF THE 5TH
Grafton Middies batting - Pitching for Chicago Hawks : RHP Alejandro Arteaga
Batting: RHB José Álvarez 0-0: Bunt missed!
0-1: Called Strike
0-2: Foul Ball, location: 2F
0-2: Ground out 6-3 (Groundball, 6)
Batting: RHB Danny Hall 0-0: Foul Ball, location: 2F
0-1: Ball
1-1: SINGLE (Line Drive, 8RS)
Batting: LHB Ramón Rivera 0-0: Ball
1-0: Foul Ball, location: 2F
1-1: Ball
2-1: Foul Ball, location: 2F
2-2: DOUBLE (Line Drive, 3L)
Danny Hall to third
Batting: RHB Pedro Orozco 0-0: Foul Ball, location: 2F
0-1: Ball
1-1: Foul Ball, location: 2F
1-2: Ground out 6-3 (Groundball, 6M)
Batting: RHB Pedro Santos 0-0: Ball
1-0: Called Strike
1-1: Swinging Strike
1-2: Fly out, F9 (Flyball, 9M)
Bottom of the 5th over - 0 run(s), 2 hit(s), 0 error(s), 2 left on base; Chicago 0 - Grafton 0
TOP OF THE 6TH
Chicago Hawks batting - Pitching for Grafton Middies : LHP Jeff Hale
Batting: RHB Soseki Matsunaga 0-0: Ground out 5-3 (Groundball, 5S)
Batting: RHB Ludwig Kluge 0-0: Called Strike
0-1: Ball
1-1: Swinging Strike
1-2: Strikes out swinging
Batting: RHB Chandler Bailey 0-0: Called Strike
0-1: Ball
1-1: Ball
2-1: Foul Ball, location: 2F
2-2: Strikes out swinging
Top of the 6th over - 0 run(s), 0 hit(s), 0 error(s), 0 left on base; Chicago 0 - Grafton 0
BOTTOM OF THE 6TH
Grafton Middies batting - Pitching for Chicago Hawks : RHP Alejandro Arteaga
Batting: RHB Scotty Anderson 0-0: Swinging Strike
0-1: Ball
1-1: Fly out, F9 (Popup, 4MD)
Batting: LHB Mario Ramos 0-0: Called Strike
0-1: Called Strike
0-2: Ball
1-2: Ball
2-2: SINGLE (Groundball, 34D)
Batting: RHB Wes Bradley 0-0: Ball
1-0: Ball
2-0: Ball
3-0: Called Strike
3-1: Foul Ball, location: 2F
3-2: Fly out, F8 (Flyball, 8RXD)
Batting: RHB Nathan Boswell 0-0: Called Strike
0-1: Swinging Strike
0-2: Foul Ball, location: 2F
0-2: Ball
1-2: Fly out, F3 (Popup, 4MS)
Bottom of the 6th over - 0 run(s), 1 hit(s), 0 error(s), 1 left on base; Chicago 0 - Grafton 0
TOP OF THE 7TH
Chicago Hawks batting - Pitching for Grafton Middies : LHP Jeff Hale
Batting: RHB Robbie Roach 0-0: Ball
1-0: Fly out, F9 (Flyball, 9LSF)
Batting: LHB Mal Wadley 0-0: Ball
1-0: Foul Ball, location: 2F
1-1: Ground out 4-3 (Groundball, 4M)
Batting: RHB Chris Smith 0-0: Foul Ball, location: 2F
0-1: Ball
1-1: Ball
2-1: SINGLE (Groundball, 4M)
Pinch Hitting: RHB Yoshio Matsuo 0-0: Called Strike
0-1: Ground out 1-3 (Groundball, 15)
Top of the 7th over - 0 run(s), 1 hit(s), 0 error(s), 1 left on base; Chicago 0 - Grafton 0
BOTTOM OF THE 7TH
Grafton Middies batting - Pitching for Chicago Hawks : RHP Alejandro Arteaga
Now in RF: Vern Forrest
Batting: RHB José Álvarez 0-0: Ball
1-0: Called Strike
1-1: Fly out, F8 (Flyball, 8RM)
Batting: RHB Danny Hall 0-0: Ball
1-0: Fly out, F8 (Line Drive, 8LS)
Batting: LHB Ramón Rivera 0-0: Ball
1-0: Ground out 1-3 (Groundball, 15)
Bottom of the 7th over - 0 run(s), 0 hit(s), 0 error(s), 0 left on base; Chicago 0 - Grafton 0
TOP OF THE 8TH
Chicago Hawks batting - Pitching for Grafton Middies : LHP Jeff Hale
Batting: RHB Ramón Gómez 0-0: Called Strike
0-1: Called Strike
0-2: Ball
1-2: Strikes out swinging
Batting: RHB Pedro Cruz 0-0: Ball
1-0: Foul Ball, location: 2F
1-1: Foul Ball, location: 2F
1-2: Strikes out swinging, 2-3 out at first.
Batting: RHB Soseki Matsunaga 0-0: Swinging Strike
0-1: Swinging Strike
0-2: Ball
1-2: Foul Ball, location: 2F
1-2: Strikes out looking
Top of the 8th over - 0 run(s), 0 hit(s), 0 error(s), 0 left on base; Chicago 0 - Grafton 0
BOTTOM OF THE 8TH
Grafton Middies batting - Pitching for Chicago Hawks : RHP Alejandro Arteaga
Batting: RHB Pedro Orozco 0-0: SINGLE (Flyball, 8LS)
Batting: RHB Pedro Santos 0-0: Sac Bunt - play at first, batter OUT! 2-4
Pedro Orozco to second
Batting: RHB Scotty Anderson 0-0: Called Strike
0-1: Called Strike
0-2: Ball
1-2: DOUBLE (Line Drive, 7D)
Pedro Orozco scores
Batting: LHB Mario Ramos 0-0: Intentional Walk
Batting: RHB Wes Bradley 0-0: Ball
1-0: Ball
2-0: Fly out, F8 (Flyball, 8RXD)
Runner from 2nd tags up, SAFE at 3rd, no throw
Batting: RHB Nathan Boswell 0-0: Called Strike
0-1: Fly out, F6 (Popup, 6)
Bottom of the 8th over - 1 run(s), 2 hit(s), 0 error(s), 2 left on base; Chicago 0 - Grafton 1
TOP OF THE 9TH
Chicago Hawks batting - Pitching for Grafton Middies : LHP Jeff Hale
Batting: RHB Ludwig Kluge 0-0: Foul Ball, location: 2F
0-1: Ball
1-1: Fly out, F9 (Line Drive, 9M)
Batting: RHB Chandler Bailey 0-0: Ball
1-0: SINGLE (Popup, 8RS)
Batting: RHB Robbie Roach 0-0: Ball
1-0: Called Strike
1-1: Foul Ball, location: 2F
1-2: Grounds into double play, 5-4-3 (Groundball, 56)
Top of the 9th over - 0 run(s), 1 hit(s), 0 error(s), 0 left on base; Chicago 0 - Grafton 1
This league is powered by Out of the Park Baseball, the baseball management simulation game for PC, Mac and Linux
Friday, July 8th, 2016 - OOTP Baseball 16.9 Build 39